 Dungeon Crawl Stone Soup version 0.30-a0-329-g85436e0a43 (webtiles) character file.

Game seed: 3143174950356197107

4949 ragingrage the Cruncher (level 10, 0/67 HPs)
             Began as a Mummy Wanderer on Oct 29, 2022.
             Was a Believer of Okawaru.
             Killed from afar by a steam dragon (3 damage)
             ... with a ball of steam
             ... on level 9 of the Dungeon.
             The game lasted 00:14:34 (11678 turns).

ragingrage the Cruncher (Mummy Wanderer)           Turns: 11678, Time: 00:14:34

Health: 0/67       AC:  7    Str: 16    XL:     10   Next: 28%
Magic:  12/12      EV: 11    Int: 10    God:    Okawaru [**....]
Gold:   580        SH:  0    Dex: 23    Spells: 10/11 levels left

rFire   . . .      SeeInvis .    a - +3 quarterstaff
rCold   + + .      Faith    +    (shield currently unavailable)
rNeg    + + +      Spirit   .    w - +2 robe {rC+ rF+}
rPois   ∞          Reflect  .    d - +0 helmet
rElec   .          Harm     .    A - +0 cloak
rCorr   .          Rampage  .    u - +0 pair of gloves
Will    +....                    (no boots)
Stlth   ++........               g - amulet of the acrobat
HPRegen 0.31/turn                o - +6 ring of dexterity
MPRegen 0.13/turn                (no ring)

@: no status effects
A: cold resistance 1, negative energy resistance 3, torment resistance 2, heat
vulnerability 1, in touch with death 1, no potions, faith
a: Renounce Religion, Heroism


You were on level 9 of the Dungeon.
You worshipped Okawaru.
Okawaru was pleased with you.
You visited 2 branches of the dungeon, and saw 10 of its levels.

You collected 580 gold pieces.

Inventory:

Hand Weapons
 a - a +3 quarterstaff (weapon)
 b - a +0 shortbow
 m - a +1 hand axe of flaming
 p - a +3 flail of freezing
 x - a +2 whip of freezing
Missiles
 f - 5 poisoned darts
 s - 4 boomerangs (quivered)
 v - a curare-tipped dart
Armour
 d - a +0 helmet (worn)
 u - a +0 pair of gloves (worn)
 w - a +2 robe of resistance (worn)
 A - a +0 cloak (worn)
Jewellery
 g - an amulet of the acrobat (around neck)
 o - a +6 ring of dexterity (left hand)
Wands
 y - a wand of iceblast (1)
 z - a wand of flame (27)
Scrolls
 c - 2 scrolls of blinking
 e - a scroll of noise
 h - 3 scrolls of magic mapping
 i - 8 scrolls of teleportation
 j - 3 scrolls of amnesia
 k - 2 scrolls of enchant armour
 l - a scroll of silence
 n - 2 scrolls of summoning
 q - a scroll of vulnerability
 r - 5 scrolls of identify
 t - a scroll of enchant weapon


   Skills:
 - Level 2.0 Fighting
 + Level 12.8 Staves
 - Level 1.5 Stealth
 - Level 1.3 Spellcasting
 - Level 1.0 Poison Magic
 - Level 2.1 Invocations
 - Level 1.0 Evocations


You had 10 spell levels left.
You knew the following spells:

 Your Spells              Type           Power      Damage    Failure   Level
a - Sting                 Tmut/Pois      4%         1d3       26%         1

Your spell library contained the following spells:

 Spells                   Type           Power      Damage    Failure   Level
 Ignite Poison            Fire/Tmut/Pois 1%         N/A       65%         3
 Dazzling Flash           Conj/Hex       0%         N/A       69%         3
 Gell's Gravitas          Tloc           0%         N/A       69%         3
 Inner Flame              Hex/Fire       0%         N/A       69%         3
 Lesser Beckoning         Tloc           0%         N/A       69%         3
 Teleport Other           Tloc           0%         N/A       69%         3
 Flame Wave               Conj/Fire      0%         2d4       97%         4
 Sticky Flame             Conj/Fire      0%         2d3       97%         4
 Agony                    Necr           1%         N/A       100%        5
 Silence                  Hex/Air        0%         N/A       100%        5


Dungeon Overview and Level Annotations

Branches:
Dungeon (9/15)             Temple (1/1) D:7
   Lair: D:8-11         Orc: D:9-12

Altars:
Ashenzari
Cheibriados
Dithmenos
Fedhas
Gozag
Hepliaklqana
Kikubaaqudgha
Makhleb
Nemelex Xobeh
Okawaru
Qazlal
Ru
Sif Muna
Trog
Uskayaw
Vehumet
Wu Jian
Xom
Yredelemnul

Shops:
D:2 *

Annotations:
D:5 2 transporters, hgbash's ghost, novice SpCj


Innate Abilities, Weirdness & Mutations

You are immune to poison.
Your flesh is cold resistant. (rC+)
You are immune to negative energy. (rN+++)
You are immune to unholy pain and torment.
You are vulnerable to heat. (rF-)
You are in touch with the powers of death.
You do not drink.
You have a special connection with the divine. (Faith)


Message History

Found 15 gold pieces.
The steam dragon breathes steam at you. The ball of steam misses you.
You see here 11 gold pieces.
Found 16 gold pieces.
You sock the steam dragon!
The steam dragon is moderately wounded.
The steam dragon breathes steam at you. The ball of steam hits you!!
You barely miss the steam dragon.
The steam dragon is moderately wounded.
You are engulfed in a cloud of scalding steam.
The steam dragon breathes steam at you. The ball of steam misses you.
The steam dragon misses you. The steam dragon barely misses you.
You hit the steam dragon.
The steam dragon is heavily wounded.
You hit the steam dragon.
The steam dragon is severely wounded.
You are engulfed in a cloud of scalding steam.
The steam dragon breathes steam at you. The ball of steam hits you!
The steam dragon breathes steam at you. The ball of steam hits you!
* * * LOW HITPOINT WARNING * * *
You hit the steam dragon.
The steam dragon is severely wounded.
You are engulfed in a cloud of scalding steam.
* * * LOW HITPOINT WARNING * * *
The steam dragon completely misses you. The steam dragon barely misses you.
The steam dragon bites you but does no damage.
The steam dragon claws you.
* * * LOW HITPOINT WARNING * * *
You hit the steam dragon.
The steam dragon is almost dead.
You closely miss the steam dragon.
The steam dragon is almost dead.
The steam dragon breathes steam at you. The ball of steam hits you.
You die...

#...$.....
#.......$.
#.........
#.........
#.....$...
#§§.......
###D........
#<$.@#
######


You could see a steam dragon (catching breath).

Vanquished Creatures
  Pikel (D:5)
  Prince Ribbit (Temple)
  3 steam dragons
  A wyvern (D:7)
  Menkaure (D:6)
  2 water moccasins
  4 orc warriors
  A sky beast (D:6)
  4 black bears
  4 ogres
  4 lemures (D:6)
  4 centaurs
  A phantom (D:5)
  A kobold brigand (D:6)
  Blork the orc (D:4)
  3 bullfrogs
  3 necrophages
  5 wights
  A howler monkey (D:8)
  3 jellies
  6 hounds
  6 orc priests
  7 orc wizards
  8 iguanas
  2 gnolls
  7 adders
  A shadow imp (D:7)
  4 dart slugs
  34 orcs
  9 endoplasms
  2 giant cockroaches (D:2)
  4 hobgoblins
  5 jackals
  3 quokkas
  5 ball pythons
  8 bats
  A frilled lizard (D:1)
  4 goblins
  8 kobolds
  11 rats
183 creatures vanquished.

Vanquished Creatures (others)
  An angel (D:4)
  A plant (D:1)
2 creatures vanquished.

Grand Total: 185 creatures vanquished

Notes
Turn   | Place    | Note
-------+----------+-------------------------------------------
     0 | D:1      | ragingrage the Mummy Wanderer began the quest for the Orb.
     0 | D:1      | ragingrage set off with the following items: a +2
                  | quarterstaff, a +0 helmet, a scroll of blinking, a +0
                  | leather armour; and the following spell memorised: Sting;
                  | and the following spells available to memorise: Ignite
                  | Poison.
     0 | D:1      | Reached XP level 1. HP: 16/16 MP: 2/2
   169 | D:1      | Reached XP level 2. HP: 22/22 MP: 4/4
   285 | D:1      | Reached skill level 3 in Staves
   498 | D:1      | Gained mutation: You are in touch with the powers of death.
                  | [Mummy growth]
   498 | D:1      | Reached XP level 3. HP: 20/27 MP: 5/5
   889 | D:2      | Found a burning altar of Makhleb.
  1063 | D:2      | Found Geter's General Store.
  1178 | D:2      | Reached skill level 4 in Staves
  1863 | D:3      | Reached XP level 4. HP: 33/33 MP: 6/6
  2217 | D:3      | Found a faded altar of an unknown god.
  2428 | D:4      | Noticed a necrophage
  2442 | D:4      | Killed a necrophage
  2443 | D:4      | Reached XP level 5. HP: 25/38 MP: 7/7
  2594 | D:4      | Reached skill level 5 in Staves
  2642 | D:4      | Noticed a black bear
  3043 | D:4      | Killed an angel
  3167 | D:4      | Found a shimmering altar of Xom.
  3176 | D:4      | Noticed Blork the orc
  3191 | D:4      | Killed Blork the orc
  3192 | D:4      | Reached XP level 6. HP: 14/44 MP: 8/8
  3380 | D:4      | Reached skill level 6 in Staves
  3979 | D:4      | Reached XP level 7. HP: 50/50 MP: 9/9
  3992 | D:5      | Entered Level 5 of the Dungeon
  4005 | D:5      | Reached skill level 7 in Staves
  4105 | D:5      | Found a transporter.
  4105 | D:5      | Identified the +5 dire flail "Starlight" {vorpal, Str+3}
  4105 | D:5      | Noticed hgbash's ghost (novice SpCj)
  4106 | D:5      | Found a transporter.
  4230 | D:6      | Found a shimmering blue altar of Sif Muna.
  4230 | D:6      | Found a sacrificial altar of Ru.
  4476 | D:5      | Noticed Pikel
  4748 | D:6      | Reached skill level 8 in Staves
  4779 | D:6      | Reached XP level 8. HP: 44/56 MP: 10/10
  4791 | D:6      | HP: 2/56 [iguana (4)]
  5189 | D:6      | Noticed Menkaure
  5266 | D:6      | Killed Menkaure
  5267 | D:6      | Reached skill level 9 in Staves
  6147 | D:6      | Reached skill level 10 in Staves
  6512 | D:5      | Killed Pikel
  6513 | D:5      | Reached XP level 9. HP: 45/61 MP: 11/11
  7087 | D:5      | Reached skill level 11 in Staves
  7553 | D:7      | Found a staircase to the Ecumenical Temple.
  7561 | Temple   | Entered the Ecumenical Temple
  7713 | Temple   | Became a worshipper of Warmaster Okawaru
  7802 | D:7      | Noticed Prince Ribbit
  8028 | Temple   | Killed Prince Ribbit
  8550 | D:7      | Reached * piety under Okawaru
  8958 | D:7      | Reached skill level 12 in Staves
  9413 | D:7      | Reached skill level 1 in Invocations
  9659 | D:7      | Reached XP level 10. HP: 40/67 MP: 12/12
 10133 | D:8      | Reached ** piety under Okawaru
 10862 | D:8      | Found a stormy altar of Qazlal.
 11676 | D:9      | HP: 3/67 [steam dragon (4)]
 11678 | D:9      | Killed from afar by a steam dragon

Illustrated notes

Levels and vault maps discovered:
D:1:      giann_bridges, layout_basic
D:2:      layout_basic, serial_shops, nicolae_shop_window_shopping, basic_altar
D:3:      layout_basic, tso_metal_star, serial_rivers,
          chequers_serial_rivers_micro_c, chequers_serial_rivers_micro_b,
          chequers_serial_rivers_small_3, chequers_serial_rivers_micro_c,
          basic_ecumenical_altar, minmay_misc_feat_rugged
D:4:      nicolae_cairo_tiling, layout_loops_cross,
          grunt_temple_overflow_order_and_chaos_1, uniq_blork_the_orc
D:5:      layout_loops_ring, gammafunk_ghost_smash, portal_sewer_entry_d,
          minmay_fountain_box, hex_large, uniq_pikel
D:6:      layout_cave_pods, jmf_multi_god_temple, minmay_misc_feat_ornament,
          st_stairs_3, uniq_menkaure
D:7:      layout_basic, minmay_temple_entry_ruins, nzn_random_ring,
          uniq_prince_ribbit1
D:8:      layout_basic, mainiacjoe_overflow_chevrons, nicolae_hexahallways,
          grunt_decor_arrowhead
D:9:      layout_basic, serial_shops, shop_scrolls, shop,
          nicolae_lakefront_shop, uniq_maurice
Temple:   nicolae_temple_elliptical

Skill      XL: |  1  2  3  4  5  6  7  8  9 10 |
---------------+-------------------------------+-----
Staves         | 3 4 5 6 8 10 12 | 12.8
Invocations    | 1 2 |  2.1
Fighting       | |  2.0
Stealth        | |  1.5
Spellcasting   | |  1.3
Poison Magic   | |  1.0
Evocations     | |  1.0

Action                   |  1- 3 |  4- 6 |  7- 9 | 10-12 || total
-------------------------+-------+-------+-------+-------++-------
Melee: Quarterstaff      |   101 |   119 |   367 |   114 ||   701
 Fire: Shortbow          |       |       |       |     4 ||     4
Throw: Dart              |       |    16 |     9 |     1 ||    26
       Boomerang         |       |       |    33 |     7 ||    40
       Throwing net      |       |       |     1 |       ||     1
 Cast: Sting             |     7 |       |       |       ||     7
Invok: Heroism           |       |       |     1 |     2 ||     3
Evoke: Wand              |       |     3 |     4 |     2 ||     9
  Use: Scroll            |       |     8 |     3 |     1 ||    12
 Stab: Sleeping          |     4 |     1 |     1 |     2 ||     8
       Distracted        |       |     1 |       |       ||     1
       Held in net/web   |       |       |     2 |       ||     2
Armor: Leather armour    |    44 |    26 |    46 |       ||   116
       Robe              |       |       |    27 |    16 ||    43
Dodge: Dodged            |    74 |    67 |   177 |    56 ||   374

Table legend: (Time is in decaauts)
 A = Elapsed time spent in this place.
 B = Non-inter-level travel time spent in this place.
 C = Inter-level travel time spent in this place.
 D = Time resting spent in this place.
 E = Time spent auto-exploring this place.
 F = Levels seen in this place.
 G = Mean time per level.
                   A        B        C        D        E       F      G
               +--------+--------+--------+--------+--------+-----+--------+
         Total |  11632 |  10782 |    850 |   3080 |   5493 |  10 | 1163.2 |
       Dungeon |  10732 |   9944 |    788 |   2653 |   5337 |   9 | 1192.4 |
        Temple |    899 |    837 |     62 |    427 |    156 |   1 |  899.0 |
               +--------+--------+--------+--------+--------+-----+--------+

Top non-repeatable levels by time:
     D:7: 2156 daAuts
     D:6: 2018 daAuts
     D:8: 1289 daAuts
     D:4: 1251 daAuts
     D:5: 1209 daAuts
     D:2: 952 daAuts
     D:3: 936 daAuts
  Temple: 899 daAuts
     D:1: 880 daAuts
     D:9: 37 daAuts
